 Dungeon Crawl Stone Soup version 0.23.2-33-g5129a83184 (webtiles) character file.

Game seed: 6527807048939279

24859 Destapler the Covert (level 13, 0/88 HPs)
             Began as a Halfling Berserker on June 30, 2019.
             Was a High Priest of Trog.
             Slain by an orc knight
             ... wielding a +0 war axe
              (18 damage)
             ... on level 1 of the Orcish Mines.
             The game lasted 03:12:54 (18439 turns).

Destapler the Covert (Halfling Berserker)          Turns: 18439, Time: 03:12:55

Health: 0/88       AC: 11    Str: 18    XL:     13   Next: 46%
Magic:  15/15      EV: 18    Int:  5    God:    Trog [*****.]
Gold:   866        SH: 12    Dex: 19    Spells: 12/12 levels left

rFire    . . .     SeeInvis .   a - +5 spear (venom)
rCold    + + .     Gourm    .   I - +0 shield
rNeg     . . .     Faith    .   x - +1 ring mail {rC+}
rPois    .         Spirit   .   m - +1 helmet
rElec    .         Reflect  .   p - +0 cloak
rCorr    .         Harm     .   (no gloves)
MR       ++...                  (no boots)
Stlth    ++++++....             (no amulet)
HPRegen  1.24/turn              A - ring of stealth
MPRegen  0.14/turn              h - ring of protection from cold

@: berserk cooldown, starving, regenerating, slowed, very slow
A: small, mutation resistance 1
a: Berserk, Trog's Hand, Brothers in Arms, Renounce Religion


You were on level 1 of the Orcish Mines.
You worshipped Trog.
Trog was extremely pleased with you.
You were starving.

You visited 4 branches of the dungeon, and saw 17 of its levels.

You collected 866 gold pieces.

Inventory:

Hand Weapons
 a - a +5 spear of venom (weapon)
 b - a +5 hunting sling of velocity
 i - a +1 hunting sling of flaming
 N - a +4 whip
 S - a +6 antimagic morningstar
Missiles
 u - 319 stones (quivered)
 D - 53 sling bullets
Armour
 m - a +1 helmet (worn)
 o - a +0 buckler
 p - a +0 cloak (worn)
 x - a +1 ring mail of cold resistance (worn)
 I - a +0 shield (worn)
 M - +0 fire dragon scales
 Q - a +0 troll leather armour
 T - a +2 robe of magic resistance
Jewellery
 h - a ring of protection from cold (right hand)
 k - an uncursed ring of positive energy
 t - an uncursed ring of fire
 w - an uncursed ring of ice
 A - a ring of stealth (left hand)
 P - an uncursed ring of magical power
 U - an uncursed ring of positive energy
Wands
 g - a wand of paralysis (16)
 v - a wand of iceblast (11)
 C - a wand of polymorph (8)
 E - a wand of enslavement (10)
 J - a wand of flame (24)
Scrolls
 e - 3 scrolls of blinking
 f - a scroll of identify
 l - 7 scrolls of teleportation
 n - a scroll of remove curse
 q - a scroll of magic mapping {unknown}
 y - a scroll of amnesia {unknown}
 z - 2 scrolls of enchant armour
 F - 2 scrolls of immolation {unknown}
 K - a scroll of vulnerability {unknown}
 L - a scroll of holy word {unknown}
 R - a scroll of noise {unknown}
Potions
 d - 3 potions of flight
 r - 2 potions of curing
 s - 4 potions of lignification
 B - 2 potions of brilliance {unknown}
 G - 2 potions of resistance {unknown}
 H - a potion of invisibility {unknown}
 O - 2 potions of haste
 W - a potion of mutation {unknown}
Comestibles
 c - 15 rations


   Skills:
 + Level 7.8 Fighting
   Level 6.6(7.8) Axes
 - Level 2.7(4.7) Maces & Flails
 + Level 4.7(6.1) Polearms
 - Level 12.0 Slings
 - Level 0.8(5.4) Throwing
 + Level 6.9 Armour
 + Level 8.6 Dodging
 * Level 12.1 Stealth
 + Level 8.3 Shields
 - Level 3.1 Evocations


You had 12 spell levels left.
You didn't know any spells.
Your spell library was empty.

Dungeon Overview and Level Annotations

Branches:
Dungeon (13/15)            Temple (1/1) D:5            Lair (1/6) D:10
    Orc (2/2) D:9
    Elf: Orc:2       Vaults: D:13-14

Altars:
Ashenzari
Cheibriados
Dithmenos
Elyvilon
Fedhas
Gozag
Hepliaklqana
Kikubaaqudgha
Makhleb
Nemelex Xobeh
Okawaru
Qazlal
Ru
Sif Muna
Trog
Uskayaw
Vehumet
Wu Jian
Xom
Yredelemnul
Zin
The Shining One
Beogh

Portals:
Trove: D:11 (give horn of Geryon)

Annotations:
Orc:2 Nessos


Innate Abilities, Weirdness & Mutations

You are small and have problems with some larger weapons.
You are somewhat resistant to further mutation.


Message History

You hit the orc warrior.
The orc warrior looks as sick as possible!
The orc warrior is lightly wounded.
You are no longer berserk.
You are exhausted.
You feel yourself slow down. You block the orc warrior's attack.
You feel much better.
The orc knight hits you with a +0 war axe!!
* * * LOW HITPOINT WARNING * * *
Unknown command.
You puncture the two-headed ogre!
The two-headed ogre is severely wounded.
You block the two-headed ogre's attack. x2; You block the orc knight's attack.
You hit the two-headed ogre.
The two-headed ogre looks as sick as possible!
The two-headed ogre is almost dead.
You block the orc warrior's attack. The two-headed ogre closely misses you.
The two-headed ogre misses you.
The orc knight hits you with a +0 war axe!!
You die...

#...#......#.......##
##.#..............###
#................###.
#....................
#.....)[)......#.....
#.)...)>[............
##...).)[..........#.
#...oo........##....#
#...@O..........#..##
##........#.........#
#.........##....##.##
##............######
##.#.#.......#
#.....#.....##
##.#.###.#### #####
###


You could see an orc knight, a two-headed ogre and an orc warrior.

Vanquished Creatures
  Jorgrun (D:12)
  Harold (D:7)
  9 two-headed ogres
  Urug (Orc:1)
  A wolf spider (D:12)
  3 ugly things
  Maurice (D:8)
  Joseph (D:7)
  A kobold demonologist (D:12)
  2 komodo dragons
  8 trolls
  A queen bee (D:10)
  Prince Ribbit (D:9)
  3 hornets
  2 hippogriffs
  A wraith (D:10)
  Sigmund (D:5)
  4 wyverns
  A hungry ghost (D:7)
  4 vampire mosquitoes (D:12)
  A water moccasin (D:11)
  15 orc warriors
  4 sky beasts
  A black bear (D:12)
  3 ice beasts
  6 phantoms
  12 ogres
  An eye of draining (D:9)
  3 centaurs
  A crocodile (D:10)
  4 big kobolds (D:9)
  5 bullfrogs
  6 gnoll sergeants
  4 scorpions
  22 killer bees
  3 wights (D:10)
  5 howler monkeys
  4 crimson imps
  3 centaur zombies
  2 bullfrog zombies
  8 jellies
  Crazy Yiuf (D:7)
  5 orc priests
  3 hounds
  A centaur skeleton (D:12)
  3 iguanas
  9 orc wizards
  8 worker ants
  A killer bee zombie (D:10)
  18 gnolls
  A howler monkey skeleton (D:7)
  11 adders
  2 shadow imps
  2 oozes
  An adder skeleton (D:4)
  6 worms
  2 dart slugs (D:2)
  4 leopard geckos
  68 orcs
  9 giant cockroaches
  10 goblins
  8 hobgoblins
  15 jackals
  10 kobolds
  A quokka (D:3)
  2 ball pythons
  3 bats
  5 frilled lizards
  A jackal zombie (D:7)
  2 quokka zombies
  10 rats
  A plant (D:10)
383 creatures vanquished.

Vanquished Creatures (collateral kills)
  A howler monkey (D:11)
  2 orcs (D:11)
3 creatures vanquished.

Vanquished Creatures (others)
  A plant (D:10)
1 creature vanquished.

Grand Total: 387 creatures vanquished

Notes
Turn   | Place    | Note
-------+----------+-------------------------------------------
     0 | D:1      | Destapler the Halfling Berserker began the quest for the
                  | Orb.
     0 | D:1      | Reached XP level 1. HP: 15/15 MP: 1/1
   119 | D:1      | Reached XP level 2. HP: 20/20 MP: 2/2
   408 | D:1      | Reached skill level 1 in Stealth
   408 | D:1      | Reached XP level 3. HP: 19/26 MP: 3/3
  1756 | D:2      | Reached ** piety under Trog
  1756 | D:2      | Reached XP level 4. HP: 23/31 MP: 4/4
  2085 | D:2      | Found a snail-covered altar of Cheibriados.
  2106 | D:2      | Found a sparkling altar of Nemelex Xobeh.
  3055 | D:2      | Reached XP level 5. HP: 36/36 MP: 5/5
  3129 | D:3      | Found a radiant altar of Vehumet.
  3165 | D:3      | Reached skill level 1 in Shields
  3862 | D:3      | Reached *** piety under Trog
  3911 | D:3      | Reached XP level 6. HP: 42/42 MP: 6/6
  4177 | D:4      | Noticed an ogre
  4457 | D:4      | Killed an ogre
  4457 | D:4      | Reached skill level 5 in Axes
  4660 | D:4      | Reached XP level 7. HP: 42/46 MP: 7/7
  5154 | D:4      | Found an ancient bone altar of Kikubaaqudgha.
  5600 | D:5      | Entered Level 5 of the Dungeon
  5708 | D:5      | Noticed Sigmund
  5772 | D:5      | Reached skill level 1 in Slings
  5853 | D:5      | Found a staircase to the Ecumenical Temple.
  5926 | Temple   | Entered the Ecumenical Temple
  6188 | D:5      | Reached XP level 8. HP: 23/54 MP: 8/8
  6398 | D:5      | Found a deep blue altar of Sif Muna.
  6418 | D:5      | Killed Sigmund
  6547 | D:5      | Found a hazy altar of Hepliaklqana.
  6780 | D:5      | Found a sacrificial altar of Ru.
  6866 | D:6      | Found a hide-covered altar of Uskayaw.
  7232 | D:6      | Found a shattered altar of Ashenzari.
  7605 | D:6      | Reached XP level 9. HP: 51/59 MP: 9/9
  7761 | D:6      | Found a shattered altar of Ashenzari.
  8333 | D:7      | Reached **** piety under Trog
  8494 | D:7      | Reached skill level 5 in Stealth
  8494 | D:7      | Reached skill level 5 in Shields
  8704 | D:7      | Reached skill level 5 in Fighting
  8747 | D:7      | Noticed Joseph
  9655 | D:7      | Killed Joseph
  9655 | D:7      | Reached skill level 5 in Slings
  9655 | D:7      | Reached skill level 5 in Dodging
  9860 | D:7      | Noticed Harold
  9881 | D:7      | Killed Harold
  9881 | D:7      | Reached skill level 1 in Maces & Flails
  9881 | D:7      | Reached skill level 1 in Evocations
  9881 | D:7      | Reached XP level 10. HP: 51/66 MP: 9/11
 10120 | D:7      | Found a runed translucent door.
 10120 | D:7      | Noticed Crazy Yiuf
 10128 | D:7      | Killed Crazy Yiuf
 11023 | D:8      | Found a shadowy altar of Dithmenos.
 11124 | D:8      | Found a glowing silver altar of Zin.
 11192 | D:8      | Noticed Maurice
 11548 | D:8      | Killed Maurice
 11765 | D:8      | Noticed a two-headed ogre
 11775 | D:8      | Killed a two-headed ogre
 11775 | D:8      | Reached skill level 5 in Armour
 11864 | D:9      | Noticed a two-headed ogre
 11865 | D:9      | Noticed Prince Ribbit
 11956 | D:9      | Reached XP level 11. HP: 67/72 MP: 13/13
 11982 | D:9      | Killed a two-headed ogre
 12402 | D:9      | Killed Prince Ribbit
 12450 | D:9      | Found a staircase to the Orcish Mines.
 12605 | D:9      | Reached skill level 1 in Polearms
 12899 | D:10     | Entered Level 10 of the Dungeon
 12899 | D:10     | Found a staircase to the Lair.
 12904 | D:10     | Received a gift from Trog
 12927 | D:9      | HP: 3/72 [troll (8)]
 12927 | D:9      | HP: 1/72 [something/magic dart (2)]
 13101 | D:10     | Noticed a two-headed ogre
 13119 | D:10     | Killed a two-headed ogre
 13264 | D:10     | Reached ***** piety under Trog
 13332 | D:10     | Reached skill level 10 in Slings
 13954 | Lair:1   | Entered Level 1 of the Lair of Beasts
 14080 | D:9      | Reached XP level 12. HP: 60/80 MP: 14/14
 14257 | D:9      | Received a gift from Trog
 14353 | D:9      | Reached skill level 10 in Stealth
 14456 | Orc:1    | Entered Level 1 of the Orcish Mines
 14456 | Orc:1    | Found a roughly hewn altar of Beogh.
 14718 | Orc:2    | Entered Level 2 of the Orcish Mines
 14718 | Orc:2    | Noticed Urug
 14732 | Orc:1    | Killed Urug
 15501 | D:11     | Noticed a two-headed ogre
 15512 | D:11     | Killed a two-headed ogre
 15551 | D:11     | Found a sacrificial altar of Ru.
 15944 | D:11     | Found a portal to a secret trove of treasure.
 16175 | D:12     | Noticed a two-headed ogre
 16186 | D:12     | Killed a two-headed ogre
 16196 | D:12     | Noticed a two-headed ogre
 16230 | D:12     | Killed a two-headed ogre
 16477 | D:12     | Noticed Jorgrun
 16498 | D:12     | Noticed a two-headed ogre
 16499 | D:12     | Killed Jorgrun
 16499 | D:12     | Received a gift from Trog
 16499 | D:12     | Reached XP level 13. HP: 42/86 MP: 15/15
 16848 | D:12     | Received a gift from Trog
 18127 | Orc:2    | Noticed Nessos
 18439 | Orc:1    | Slain by an orc knight

Skill      XL: |  1  2  3  4  5  6  7  8  9 10 11 12 13 |
---------------+----------------------------------------+-----
Fighting       | 3 4 5 6 7 |  7.8
Stealth        | 1 2 4 6 8 9 11 12 | 12.1
Axes           | 4 5 6 |  6.6
Shields        | 1 2 3 4 5 6 7 8 |  8.3
Dodging        | 3 4 5 6 7 8 |  8.6
Slings         | 2 4 6 8 10 12 | 12.0
Armour         | 4 5 6 |  6.9
Maces & Flails | 1 2 |  2.7
Evocations     | 1 2 3 |  3.1
Polearms       | 2 4 |  4.7
Throwing       | |  0.8

Action                   |  1- 3 |  4- 6 |  7- 9 | 10-12 | 13-15 || total
-------------------------+-------+-------+-------+-------+-------++-------
Melee: Hand axe          |    81 |   239 |   280 |       |       ||   600
       Whip              |       |       |    11 |    50 |       ||    61
       Spear             |       |       |       |   488 |   147 ||   635
 Fire: Hunting sling     |       |       |   132 |   248 |    69 ||   449
Throw: Stone             |     1 |     8 |     6 |       |       ||    15
Invok: Berserk           |     3 |     6 |    12 |    18 |     3 ||    42
       Trog's Hand       |       |     1 |     4 |     2 |     1 ||     8
       Brothers in Arms  |       |       |       |     2 |       ||     2
  Use: Scroll            |       |     4 |     5 |     6 |       ||    15
       Potion            |       |     1 |     2 |     3 |     1 ||     7
 Stab: Sleeping          |     4 |     1 |     1 |    21 |     5 ||    32
  Eat: Chunk             |     5 |    14 |    17 |    29 |     9 ||    74
       Ration            |       |       |     4 |     3 |       ||     7
Armor: Animal skin       |     7 |     1 |       |       |       ||     8
       Leather armour    |       |    33 |    31 |    16 |       ||    80
       Skin              |       |       |    11 |       |       ||    11
       Troll leather arm |       |       |       |    42 |     3 ||    45
       Ring mail         |       |       |       |       |    16 ||    16
Dodge: Dodged            |    63 |   163 |   164 |   363 |    89 ||   842
Block: Buckler           |     2 |    43 |    80 |   147 |       ||   272
       Shield            |       |       |       |    60 |   119 ||   179
